 Dungeon Crawl Stone Soup version 0.20-a0-1024-ge4c44be (webtiles) character file.

171 HankScorpio the Cudgeler (level 5, -2/30 HPs)
             Began as a Gargoyle Gladiator on Apr 19, 2017.
             Was an Initiate of Okawaru.
             Slain by HankScorpio's ghost (4 damage)
             ... on level 3 of the Dungeon.
             The game lasted 00:06:14 (2680 turns).

HankScorpio the Cudgeler (Gargoyle Gladiator)       Turns: 2680, Time: 00:06:15

Health: -2/30      AC:  8    Str: 18    XL:     5   Next: 51%
Magic:  5/5        EV: 12    Int:  5    God:    Okawaru [......]
Gold:   96         SH:  0    Dex: 13    Spells: 4/4 levels left

rFire    . . .     SeeInvis .   a - +0 flail
rCold    . . .     Gourm    .   (no shield)
rNeg     + . .     Faith    .   b - +0 leather armour
rPois    ∞         Spirit   .   c - +0 helmet
rElec    +         Reflect  .   (no cloak)
rCorr    .         Harm     .   (no gloves)
MR       .....                  (no boots)
Stlth    +.........             (no amulet)
Regen    0.1/turn               e - -4 ring of intelligence (curse)
MPRegen  0.1/turn               x - +2 ring of dexterity

@: no status effects
A: negative energy resistance 1, electricity resistance, unbreathing,
petrification resistance, rot immunity, AC +4
a: Renounce Religion


You were on level 3 of the Dungeon.
You worshipped Okawaru.
Okawaru was noncommittal.
You were very hungry.

You visited 1 branch of the dungeon, and saw 3 of its levels.
You also visited: Sewer.

You collected 96 gold pieces.

Inventory:

Hand Weapons
 a - a +0 flail (weapon)
Missiles
 d - 3 throwing nets (quivered)
Armour
 b - a +0 leather armour (worn)
 c - a +0 helmet (worn)
Jewellery
 e - a cursed -4 ring of intelligence (left hand)
 x - a +2 ring of dexterity (right hand)
Scrolls
 i - 3 scrolls of identify {unknown}
 j - 2 scrolls of remove curse {unknown}
 k - 4 scrolls of teleportation {unknown}
 n - a scroll of immolation {unknown}
 q - 2 scrolls of magic mapping {unknown}
 r - a scroll of recharging {unknown}
 u - a scroll of random uselessness {unknown}
 w - a scroll of enchant armour {unknown}
 y - 2 scrolls of blinking {unknown}
 A - 2 scrolls of fog {unknown}
Potions
 h - a potion of magic {unknown}
 l - a potion of might {unknown}
 m - 3 potions of heal wounds
 o - a potion of flight {unknown}
 s - a potion of resistance {unknown}
 t - a potion of mutation {unknown}
 z - a potion of agility {unknown}
 B - a potion of curing {unknown}
Comestibles
 f - 3 bread rations
 g - 3 meat rations
 p - a royal jelly
 v - 3 fruits


   Skills:
 - Level 2.1 Fighting
 + Level 6.0 Maces & Flails
 - Level 1.7 Throwing
 - Level 2.4 Dodging


You had 4 spell levels left.
You didn't know any spells.

Dungeon Overview and Level Annotations

Branches:
Dungeon (3/15)

Altars:
Makhleb
Okawaru
Yredelemnul
Zin

Annotations:
D:3 HankScorpio's ghost, amateur GrGl


Innate Abilities, Weirdness & Mutations

You are resistant to torment.
Your stone body is resilient. (AC +4)
You are immune to poison.
You resist negative energy. (rN+)
You are resistant to electric shocks. (rElec)
You can survive without breathing.
You are immune to petrification.
You are immune to rotting.


Message History

You sock HankScorpio's ghost!
HankScorpio's ghost is heavily damaged.
HankScorpio's ghost hits you.
You thump HankScorpio's ghost!
HankScorpio's ghost is severely damaged.
HankScorpio's ghost hits you but does no damage.
You hit HankScorpio's ghost but do no damage.
HankScorpio's ghost is severely damaged.
HankScorpio's ghost hits you but does no damage.
You hit HankScorpio's ghost but do no damage.
HankScorpio's ghost is severely damaged.
HankScorpio's ghost hits you!
You hit HankScorpio's ghost.
HankScorpio's ghost is almost destroyed.
HankScorpio's ghost closely misses you. HankScorpio's ghost hits you!
* * * LOW HITPOINT WARNING * * *
You hit HankScorpio's ghost but do no damage.
HankScorpio's ghost is almost destroyed.
HankScorpio's ghost hits you.
You die...

#..#(.)..[.......##.
##.####..........##.
#.# #..........#..
#.## #............#
#!.###...........#.
##.##..######....#.
#....###.....####.
#W######.######...
####@###....#####..#.
##........#...........
#.........#...........
#.!.......#...........
#.........#...........
#.........#...........
#.........#..........#
#.........######.##.#.
#.........# ###.##...


You could see HankScorpio's ghost.

Vanquished Creatures
  Natasha (D:3)
  5 adders
  A worm (D:2)
  5 dart slugs
  8 leopard geckos
  7 giant cockroaches
  12 goblins
  6 hobgoblins
  5 ball pythons
  7 bats
  6 frilled lizards
  13 kobolds
  3 rats
79 creatures vanquished.

Notes
Turn   | Place    | Note
-------+----------+-------------------------------------------
     0 | D:1      | HankScorpio the Gargoyle Gladiator began the quest for the Orb.
     0 | D:1      | Reached XP level 1. HP: 12/12 MP: 1/1
    39 | D:1      | Reached XP level 2. HP: 9/17 MP: 2/2
   453 | D:1      | Reached skill level 4 in Maces & Flails
   486 | D:1      | Reached XP level 3. HP: 17/21 MP: 3/3
  1211 | D:2      | Found an iron altar of Okawaru.
  1251 | D:2      | Reached XP level 4. HP: 24/26 MP: 4/4
  1446 | D:2      | Found a glowing silver altar of Zin.
  1446 | D:2      | Found a burning altar of Makhleb.
  1447 | D:2      | Noticed a blizzard demon
  1447 | D:2      | Noticed an angel
  1525 | D:2      | Reached skill level 5 in Maces & Flails
  1717 | D:3      | Noticed Natasha
  1724 | D:3      | Killed Natasha
  1893 | D:3      | Found a glowing drain.
  1895 | D:3      | Reached XP level 5. HP: 29/30 MP: 5/5
  1955 | Sewer    | Entered a sewer
  2228 | Sewer    | Reached skill level 6 in Maces & Flails
  2382 | D:3      | Found a basalt altar of Yredelemnul.
  2490 | D:2      | Became a worshipper of Warmaster Okawaru
  2525 | D:3      | Noticed HankScorpio's ghost (amateur GrGl)
  2680 | D:3      | Slain by HankScorpio's ghost

Vault maps used:
D:1:      minmay_arrival_shattered_statue, minmay_statues_item
D:2:      grunt_temple_overflow_order_and_chaos_2,
          nicolae_overflow_hidden_temple, first_bread, minmay_pentomino_o4
D:3:      lemuel_round_altar, gup_sewer_entry_pipe,
          nicolae_tso_swordbearing_angel, uniq_natasha
Sewer:    sewer_co_cracked_pipes

Skill      XL: |  1  2  3  4  5 |
---------------+----------------+-----
Maces & Flails | 4 5 6 |  6.0
Fighting       | |  2.1
Throwing       | |  1.7
Dodging        | |  2.4

Action                   |  1- 3 |  4- 6 || total
-------------------------+-------+-------++-------
Melee: Flail             |   113 |   183 ||   296
  Use: Potion            |       |     1 ||     1
  Eat: Chunk             |       |     5 ||     5
Armor: Leather armour    |    60 |    98 ||   158
Dodge: Dodged            |    74 |   151 ||   225
